 Dungeon Crawl Stone Soup version 0.31-a0-232-gb1c03b2570 (webtiles) character file.

Game seed: 10344554951731626681

118 Decritt the Trooper (level 5, -1/34 HPs)
             Began as a Gargoyle Fighter on July 7, 2023.
             Slain by a rat (3 damage)
             ... while paralysed by Grinder
             ... on level 3 of the Dungeon.
             The game lasted 00:04:39 (1769 turns).

Decritt the Trooper (Gargoyle Fighter)              Turns: 1769, Time: 00:04:39

Health: -1/34      AC: 11    Str: 21    XL:     5   Next: 2%
Magic:  5/5        EV:  2    Int:  9    God:
Gold:   128        SH:  0    Dex:  9    Spells: 4/4 levels left

rFire   . . .        f - +2 hand axe (freeze)
rCold   + . .        c - +0 buckler
rNeg    + . .        b - +0 scale mail
rPois   ∞            (no helmet)
rElec   +            (no cloak)
rCorr   .            (no gloves)
SInv    .            (no boots)
Will    .....        (no amulet) Stlth
                     g - ring of protection from cold
HPRegen 0.25/turn    (no ring)
MPRegen 0.09/turn

%: no passive effects
@: paralysed, mighty
A: sickness immunity, AC +4, negative energy resistance 1, electricity
resistance, torment resistance 1, petrification resistance
a: no special abilities


You were on level 3 of the Dungeon.
You visited 1 branch of the dungeon, and saw 3 of its levels.

You collected 128 gold pieces.

Inventory:

Hand Weapons
 a - a +0 flail
 f - a +2 hand axe of freezing (weapon)
Armour
 b - a +0 scale mail (worn)
 c - a +0 buckler (worn)
Jewellery
 g - a ring of protection from cold (left hand)
 i - a ring of ice
Scrolls
 e - a scroll of enchant armour {unknown}
 k - a scroll of fog {unknown}
 l - a scroll of teleportation
 m - a scroll of silence {unknown}
 o - a scroll of identify {unknown}
Potions
 d - a potion of might
 h - a potion of brilliance {unknown}
 j - a potion of attraction {unknown}
 n - a potion of heal wounds {unknown}


   Skills:
 * Level 4.4 Fighting
 * Level 1.7(2.2) Axes
 - Level 2.3(2.7) Maces & Flails
 + Level 3.8 Armour
 + Level 3.9 Shields


You had 4 spell levels left.
You didn't know any spells.
Your spell library contained the following spells:

 Spells                   Type           Power      Damage    Failure   Level
 Scorch                   Fire           0%         2d5       89%         2
 Flame Wave               Conj/Fire      0%         2d4       100%        4
 Summon Cactus Giant      Summ           0%         N/A       100%        6


Dungeon Overview and Level Annotations

Branches:
Dungeon (3/15)

Altars:
The Shining One

Annotations:
D:3 Grinder


Innate Abilities, Weirdness & Mutations

You are immune to sickness and miasma.
Your stone body is resilient. (AC +4)
You are immune to poison.
You resist negative energy. (rN+)
You are resistant to electric shocks. (rElec)
You are resistant to unholy torment.
You are immune to petrification.


Message History

Grinder is heavily wounded.
Grinder hits you.
You writhe in agony.
Unknown command.
You closely miss Grinder.
Grinder is heavily wounded.
Grinder completely misses you.
You closely miss Grinder.
Grinder is heavily wounded.
Grinder closely misses you.
Unknown command.
You hit Grinder.
Grinder is heavily wounded.
Grinder gestures at you.
You suddenly lose the ability to move!
Grinder hits you!
* * * LOW HITPOINT WARNING * * *
Grinder gestures at you.
You barely resist. Grinder hits you but does no damage.
A rat comes into view.
Grinder gestures at you.
You shrug off the repeated paralysis!
You can move again.
You feel very mighty all of a sudden.
Grinder blinks!
You block Grinder's attack.
You hit Grinder.
Grinder is heavily wounded.
Grinder gestures at you. Pain shoots through your body!
* * * LOW HITPOINT WARNING * * *
You slash Grinder!
Grinder is almost dead.
Grinder gestures at you.
You suddenly lose the ability to move!
Grinder hits you!
* * * LOW HITPOINT WARNING * * *
You writhe in agony.
* * * LOW HITPOINT WARNING * * *
Grinder hits you but does no damage. The rat bites you.
You die...

. .##### .....### .......# #+#
.....#.# ### #.# .....#.#.#..
######.# ....)#.#.#.# #....#.#
####.#.#.#.# #....#.#
####.#...#.####r@5.#.########
..........<...'..†.'.........
####.###.##..##....#.########
####.# #.###..######.#######
.....###.####.# #.......#
............#.#### #......†######
............÷....#........)'.....
########.##.##.#.####......##.##.
#....##.#.# #########.##.


You could see Grinder and a rat.

Vanquished Creatures
  5 adders
  A white imp (D:3)
  2 worms
  An orc (D:3)
  3 bats
  6 endoplasms
  5 giant cockroaches
  6 hobgoblins
  3 kobolds
  5 quokkas
  4 ball pythons
  2 frilled lizards (D:1)
  5 goblins
  2 goblin skeletons (D:3)
  2 goblin zombies (D:3)
  A hobgoblin zombie (D:3)
  2 kobold skeletons (D:3)
  2 kobold zombies (D:3)
  An orc zombie (D:3)
  A rat (D:2)
59 creatures vanquished.

Notes
Turn   | Place    | Note
-------+----------+-------------------------------------------
     0 | D:1      | Decritt the Gargoyle Fighter began the quest for the Orb.
     0 | D:1      | Reached XP level 1. HP: 14/14 MP: 1/1
   150 | D:1      | Reached XP level 2. HP: 19/19 MP: 2/2
   672 | D:2      | Reached XP level 3. HP: 24/24 MP: 3/3
   880 | D:2      | Reached skill level 1 in Axes
   901 | D:2      | Reached skill level 4 in Fighting
   946 | D:2      | Reached XP level 4. HP: 29/29 MP: 4/4
  1309 | D:3      | Found a glowing golden altar of the Shining One.
  1577 | D:3      | Noticed Grinder
  1602 | D:3      | Paralysed by Grinder for 3 turns
  1721 | D:3      | Reached XP level 5. HP: 33/34 MP: 5/5
  1750 | D:3      | Paralysed by Grinder for 5 turns
  1759 | D:3      | Paralysed by Grinder for 4 turns
  1767 | D:3      | Paralysed by Grinder for 4 turns
  1768 | D:3      | HP: 1/34 [Grinder (1)]
  1769 | D:3      | Slain by a rat

Illustrated notes

Levels and vault maps discovered:
D:1:      psy_arrival_conway, layout_loops_ring
D:2:      layout_loops_cross, minmay_tetromino_o4
D:3:      layout_basic, nicolae_tso_besieged_by_evil,
          hellmonk_ecumenical_altar_inner_sanctum, uniq_grinder

Skill      XL: |  1  2  3 |
---------------+----------+-----
Axes           | 1 |  1.7
Fighting       | 4 |  4.4
Maces & Flails | |  2.3
Armour         | |  3.8
Shields        | |  3.9

Action                     |  1- 3 |  4- 6 || total
---------------------------+-------+-------++-------
  Melee: Flail             |    17 |       ||    17
         Hand axe          |    77 |    83 ||   160
    Use: Potion            |       |     2 ||     2
         Scroll            |       |     1 ||     1
 Armour: Scale mail        |    50 |    25 ||    75
  Dodge: Dodged            |    40 |    31 ||    71
  Block: Buckler           |    23 |    16 ||    39

Table legend: (Time is in decaauts)
 A = Elapsed time spent in this place.
 B = Non-inter-level travel time spent in this place.
 C = Inter-level travel time spent in this place.
 D = Time resting spent in this place.
 E = Time spent auto-exploring this place.
 F = Levels seen in this place.
 G = Mean time per level.
                   A        B        C        D        E       F      G
               +--------+--------+--------+--------+--------+-----+--------+
         Total |   1815 |   1764 |     51 |     83 |   1269 |   3 |  605.0 |
       Dungeon |   1815 |   1764 |     51 |     83 |   1269 |   3 |  605.0 |
               +--------+--------+--------+--------+--------+-----+--------+

Top non-repeatable levels by time:
     D:1: 660 daAuts
     D:2: 630 daAuts
     D:3: 525 daAuts
